 Dungeon Crawl Stone Soup version 0.20.1-1-g8b1a95d (webtiles) character file.

2763 manyhoops the Conjurer (level 9, -6/62 HPs)
             Began as a Demigod Air Elementalist on Aug 30, 2017.
             Shot with an arrow by a tengu warrior (13 damage)
             ... on level 11 of the Dungeon.
             The game lasted 00:16:49 (8733 turns).

manyhoops the Conjurer (Demigod Air Elementalist)   Turns: 8733, Time: 00:16:52

Health: -6/62      AC:  8    Str: 11    XL:     9   Next: 19%
Magic:  1/22       EV: 11    Int: 25    God:
Gold:   439        SH:  0    Dex: 16    Spells: 3/21 levels left

rFire    + . .     SeeInvis .   A - +1 dagger (speed)
rCold    . . .     Gourm    .   (no shield)
rNeg     . . .     Faith    .   O - +0 ring mail {rPois}
rPois    +         Spirit   .   s - +0 helmet
rElec    .         Reflect  .   (no cloak)
rCorr    +         Harm     .   t - +0 pair of gloves
MR       .....                  m - +0 pair of boots
Stlth    +.........             (no amulet)
Regen    0.2/turn               M - ring of protection from fire
MPRegen  0.2/turn               u - ring of resist corrosion

@: barbed spikes
A: high mp 1
a: no special abilities


You were on level 11 of the Dungeon.
You were not hungry.

You visited 1 branch of the dungeon, and saw 9 of its levels.

You collected 439 gold pieces.

Inventory:

Hand Weapons
 A - a +1 dagger of speed (weapon)
Armour
 a - a +0 robe
 m - a +0 pair of boots (worn)
 s - a +0 helmet (worn)
 t - a +0 pair of gloves (worn)
 I - the +0 pair of boots of the Teacher {rElec rC+ Int-2 Slay+2}
   (You found it on level 5 of the Dungeon)

   It affects your intelligence (-2).
   It affects your accuracy and damage with ranged weapons and melee attacks
   (+2).
   It protects you from cold.
   It insulates you from electricity.
 O - a +0 ring mail of poison resistance (worn)
Magical Staves
 Q - an uncursed staff of wizardry
Jewellery
 u - a ring of resist corrosion (right hand)
 M - a ring of protection from fire (left hand)
Wands
 e - a wand of disintegration (12/24)
 v - a wand of scattershot (5/9)
 y - a wand of iceblast (4/15)
 C - a wand of enslavement (7/24)
 F - a wand of acid (5/15)
 K - a wand of paralysis (15/24)
 P - a wand of digging (14/24)
Scrolls
 c - a scroll of enchant weapon
 d - 2 scrolls of amnesia
 g - a scroll of enchant armour
 p - 2 scrolls of recharging
 q - a scroll of fear
 r - 6 scrolls of teleportation
 x - 6 scrolls of remove curse
 D - 2 scrolls of noise
 J - a scroll of immolation
Potions
 b - a potion of ambrosia {unknown}
 n - 2 potions of agility
 o - a potion of haste
 w - a potion of curing
 z - 2 potions of cancellation
 N - a potion of mutation {unknown}
Comestibles
 f - 5 meat rations
 h - 4 royal jellies
 i - 5 bread rations
 k - 5 fruits


   Skills:
 - Level 1.7 Dodging
 - Level 1.7 Stealth
 + Level 6.7 Spellcasting
 + Level 7.1 Conjurations
 + Level 6.9 Air Magic


You had 3 spell levels left.
You knew the following spells:

 Your Spells              Type           Power        Failure   Level  Hunger
a - Shock                 Conj/Air       ####         1%          1    None
b - Swiftness             Chrm/Air       ####....     6%          2    None
c - Static Discharge      Conj/Air       #####...     2%          3    None
d - Airstrike             Air            #####.....   10%         4    ###....
e - Lightning Bolt        Conj/Air       #####.....   26%         5    #####..
f - Mephitic Cloud        Conj/Pois/Air  ####....     8%          3    None


Dungeon Overview and Level Annotations

Branches:
Dungeon (8/15)             Temple (0/1) D:6
   Lair: D:8-11

Annotations:
D:8 Erica


Innate Abilities, Weirdness & Mutations

You have an increased reservoir of magic. (+10% MP)


Message History

Your magical effects are unravelling.
You feel magically purged.
You feel a little less clever now.
Okay, then.
As you read the scroll of teleportation, it crumbles to dust.
You feel strangely unstable.
A two-headed ogre comes into view.
It is wielding a giant club and a dire flail.
A vampire comes into view.
Your surroundings suddenly seem different.
A cyclops comes into view.
The cyclops shouts!
An orc warrior comes into view. It is wielding a battleaxe.
The orc warrior shouts!
A two-headed ogre comes into view.
It is wielding a giant club and a dire flail.
The two-headed ogre shouts in stereo!
You hear a horrible gurgling sound!
You hear a shout!
The tengu warrior unwields an uncursed long sword.
The tengu warrior wields a longbow.
The tengu warrior shoots an arrow.
The arrow hits you!
You die...

... ... ... #
#.# # #. #.# %#
#%} #.# ..#
#..'#C#'..#
#'@H#
#.........o....
..
#.####'.'####..
.T '#.#+ . .#
.Q#.# .# W#
.[.#O# .### .#
### #?#
.#.###?# #.(
.#..'..#


You could see a tengu warrior, a two-headed ogre, a cyclops, a hippogriff and an
orc warrior.

Vanquished Creatures
  A troll (D:11)
  A hippogriff (D:5)
  The ghost of torrenera the Chiller, an amateur DgIE (D:3)
  3 phantoms
  A sky beast (D:11)
  2 ice beasts
  2 ogres
  A centaur (D:7)
  Blork the orc (D:4)
  4 bullfrogs
  2 scorpions
  A water moccasin skeleton (D:8)
  4 wights (D:6)
  A howler monkey (D:6)
  A centaur zombie (D:5)
  2 crimson imps
  A jelly (D:5)
  A hound (D:4)
  3 orc wizards
  A bullfrog skeleton (D:7)
  2 iguanas
  Ijyb (D:4)
  6 worker ants
  A killer bee zombie (D:7)
  A hound skeleton (D:7)
  A worker ant zombie (D:6)
  3 gnolls (D:6)
  5 adders
  2 shadow imps
  An ooze (D:1)
  An adder zombie (D:3)
  An adder skeleton (D:4)
  2 worms
  3 dart slugs
  4 leopard geckos
  17 orcs
  7 giant cockroaches
  12 goblins
  7 hobgoblins
  2 jackals (D:7)
  10 kobolds
  3 quokkas
  10 bats
  4 frilled lizards
  14 rats
154 creatures vanquished.

Notes
Turn   | Place    | Note
-------+----------+-------------------------------------------
     0 | D:1      | manyhoops the Demigod Air Elementalist began the quest for the Orb.
     0 | D:1      | Reached XP level 1. HP: 14/14 MP: 5/5
    15 | D:1      | Reached skill level 1 in Conjurations
   175 | D:1      | Reached XP level 2. HP: 15/20 MP: 1/7
   854 | D:1      | Reached XP level 3. HP: 26/26 MP: 5/9
  1298 | D:2      | Learned a level 2 spell: Swiftness
  1302 | D:2      | Learned a level 3 spell: Static Discharge
  1622 | D:2      | Found a burning altar of Makhleb.
  2088 | D:3      | Noticed torrenera's ghost (amateur DgIE)
  2592 | D:3      | Reached skill level 2 in Conjurations
  2592 | D:3      | Reached XP level 4. HP: 31/33 MP: 3/10
  2968 | D:3      | Killed torrenera's ghost
  2968 | D:3      | Reached skill level 3 in Conjurations
  2968 | D:3      | Reached XP level 5. HP: 5/38 MP: 2/12
  3542 | D:3      | Found a bloodstained altar of Trog.
  3775 | D:4      | Noticed Ijyb
  3990 | D:4      | Learned a level 4 spell: Airstrike
  4059 | D:4      | Noticed Blork the orc
  4072 | D:4      | Killed Blork the orc
  4072 | D:4      | Reached XP level 6. HP: 23/45 MP: 1/14
  4321 | D:4      | Reached skill level 4 in Conjurations
  4416 | D:4      | Found an opulent altar of Gozag.
  4417 | D:4      | Found an ancient bone altar of Kikubaaqudgha.
  5276 | D:4      | Killed Ijyb
  5401 | D:4      | Reached XP level 7. HP: 50/50 MP: 0/16
  5589 | D:5      | Entered Level 5 of the Dungeon
  5710 | D:5      | Reached skill level 5 in Conjurations
  5710 | D:5      | Reached skill level 5 in Air Magic
  5852 | D:5      | Got a pair of brightly glowing boots
  5867 | D:5      | Identified the cursed +0 pair of boots of the Teacher {rElec rC+ Int-2 Slay+2} (You found it on level 5 of the Dungeon)
  5993 | D:5      | Noticed a hippogriff
  6007 | D:5      | Killed a hippogriff
  6229 | D:5      | Found a basalt altar of Yredelemnul.
  6445 | D:6      | Reached XP level 8. HP: 51/57 MP: 10/18
  6462 | D:6      | Reached skill level 5 in Spellcasting
  6673 | D:6      | You fall through a shaft!
  6679 | D:7      | Reached skill level 6 in Conjurations
  6688 | D:7      | Learned a level 5 spell: Lightning Bolt
  7093 | D:6      | Found a radiant altar of Vehumet.
  7141 | D:6      | Found a staircase to the Ecumenical Temple.
  7333 | D:6      | You fall through a shaft!
  7533 | D:6      | Found a sacrificial altar of Ru.
  7967 | D:7      | Learned a level 3 spell: Mephitic Cloud
  8241 | D:8      | Noticed Erica
  8534 | D:8      | You fall through a shaft for 3 floors!
  8648 | D:11     | Noticed a troll
  8650 | D:11     | Reached XP level 9. HP: 48/62 MP: 6/22
  8698 | D:11     | Reached skill level 7 in Conjurations
  8722 | D:11     | Noticed a manticore
  8732 | D:11     | Noticed a two-headed ogre
  8733 | D:11     | Noticed a cyclops
  8733 | D:11     | Noticed a two-headed ogre
  8733 | D:11     | Shot with an arrow by a tengu warrior

Skill      XL: |  1  2  3  4  5  6  7  8  9 |
---------------+----------------------------+-----
Conjurations   | 1 2 3 4 5 6 7 |  7.1
Spellcasting   | 2 3 4 6 |  6.7
Air Magic      | 3 4 5 6 |  6.9
Dodging        | |  1.7
Stealth        | |  1.7

Action                   |  1- 3 |  4- 6 |  7- 9 || total
-------------------------+-------+-------+-------++-------
Melee: Unarmed           |     4 |       |       ||     4
       Club              |    13 |       |       ||    13
       Dagger            |     9 |    16 |    37 ||    62
       Staff             |       |       |     1 ||     1
 Cast: Shock             |    97 |   120 |   184 ||   401
       Static Discharge  |     1 |     2 |    19 ||    22
       Airstrike         |       |     3 |     7 ||    10
       Lightning Bolt    |       |       |     3 ||     3
Evoke: Wand              |       |       |     1 ||     1
  Use: Scroll            |     8 |     1 |     8 ||    17
       Potion            |     2 |     1 |     8 ||    11
  Eat: Chunk             |     4 |     6 |     6 ||    16
       Bread ration      |       |     1 |       ||     1
       Fruit             |       |       |     4 ||     4
       Meat ration       |       |       |     1 ||     1
Armor: Robe              |     6 |     7 |     7 ||    20
       Ring mail         |       |       |    14 ||    14
       Skin              |       |       |    38 ||    38
Dodge: Dodged            |    24 |    38 |    50 ||   112
